Cogmind - Beta 12 @@@ ROGUE MODE // 2023.04.04 @ 16:08:34 Player: Exp. Geonium Core Result: Destroyed by DAS Turret with DAS Cannon Performance ------------- Evolutions (1) 500 Regions Visited (5) 1000 Robots Destroyed (56) 280 Value Destroyed (1031) 1031 Prototype IDs (2) 40 Alien Tech Used (0) 0 Bonus (307) 307 TOTAL SCORE: 3158 Bonus ------- Follower Combat Kills 59 Aligned with FarCom 300 Friendly Fire -52 Cogmind --------- Core Integrity 0/400 Matter 259/300 Energy 100/100 System Corruption 0% Temperature Cool (0) Movement Core (50) Location -9/Exiles Parts ------- > --- POWER (1) -------- (None) > --- PROPULSION (3) --- (None) > --- UTILITY (3) ------ (None) > --- WEAPON (2) ------- (None) > --- INVENTORY (5) ---- Humpback Peak State ------------ > --- POWER ------------ Improved Ion Engine > --- PROPULSION ------- Light Treads Light Treads Improved Treads > --- UTILITY ---------- Improved Heat Sink Large Storage Unit Advanced Targeting Computer > --- WEAPON ----------- Heavy Particle Cannon Improved Assault Rifle > --- INVENTORY -------- Light Treads Light Treads Improved Flight Unit Improved Flight Unit Improved Flight Unit Improved Flight Unit Experimental Sensor Array Targeting Computer Improved Targeting Computer Light Armor Plating Hardened Light Armor Plating Long-range Tractor Beam Assault Rifle Heavy Assault Rifle Minigun [Rating: 22] Favorites ----------- Power Ion Engine Engine Ion Engine Propulsion Light Treads Treads Light Treads Leg Aluminum Leg Utility Advanced Targeting Computer Device Improved Heat Sink Storage Medium Storage Unit Processor Advanced Targeting Computer Protection Light Armor Plating Weapon Heavy Particle Cannon Energy Gun Improved EM Shotgun Energy Cannon Heavy Particle Cannon Ballistic Gun Light Assault Rifle Launcher Rocket Launcher Build | -11 -10 -10 -9 -9 -9 ------- Run | Jun Mat Min Mat Min Exi Slots Evolved 2 | . . . 2 . . Power . | . . . . . . Propulsion 1 | . . . 1 . . Utility 1 | . . . 1 . . Weapon . | . . . . . . Parts Attached 47 | . 10 10 12 3 12 Power 5 | . 2 2 . 1 . Engine 5 | . 2 2 . 1 . Core . | . . . . . . Reactor . | . . . . . . Propulsion 12 | . 2 2 4 2 2 Treads 10 | . 2 1 3 2 2 Leg 2 | . . 1 1 . . Wheel . | . . . . . . Hover . | . . . . . . Flight . | . . . . . . Utility 16 | . 4 2 4 . 6 Device 3 | . 1 . 1 . 1 Storage 4 | . 1 . 1 . 2 Processor 2 | . . . 1 . 1 Hackware . | . . . . . . Protection 7 | . 2 2 1 . 2 Artifact . | . . . . . . Weapon 14 | . 2 4 4 . 4 Energy Gun 1 | . . . 1 . . Energy Cannon 3 | . . 1 1 . 1 Ballistic Gun 8 | . 2 2 1 . 3 Ballistic Cannon . | . . . . . . Launcher 2 | . . 1 1 . . Special Weapon . | . . . . . . Impact Weapon . | . . . . . . Slashing Weapon . | . . . . . . Piercing Weapon . | . . . . . . Special Melee Weapon . | . . . . . . Unidentified Prototypes 2 | . . . 2 . . Parts Lost 19 | . . 3 2 . 14 Power 2 | . . 1 . . 1 Propulsion 8 | . . 2 1 . 5 Utility 3 | . . . . . 3 Weapon 6 | . . . 1 . 5 Highest Loss Streak 7 | . . 2 1 . 7 To Critical Strikes 8 | . . . . . 8 Average Slot Usage (%) 93 | . 90 99 96 100 78 Engine 11 | . 14 13 11 11 6 Treads 24 | . 27 17 22 33 25 Leg 4 | . . 9 8 . . Device 3 | . . . 2 11 6 Storage 12 | . 14 14 11 11 9 Processor 5 | . . . 11 11 9 Protection 7 | . 5 14 8 . 2 Energy Cannon 8 | . . 12 11 11 6 Ballistic Gun 11 | . 28 9 1 11 11 Launcher 3 | . . 5 8 . . Naked Turns 11 | . . . . . 11 Heaviest Build 40 | 10 18 28 40 37 37 Greatest Support 63 | 20 40 40 63 63 63 Greatest Overweight (x) 1 | . . 1 1 . 1 Average Overweight (x) . | . . . . . . Largest Inventory Capacity 35 | . 10 10 15 15 35 Average Capacity 11 | . 8 10 12 15 14 Most Carried 15 | . 10 10 15 15 15 Average Carried 10 | . 7 9 11 15 8 Final Capacity 15 | 8 10 10 15 15 5 Final Carried 15 | 6 10 10 15 15 2 Class Distribution -------------------- 72% | Mutant 26% | Scavenger-Mutant Dominant Class ---------------- Mutant | -10/Materials Mutant | -10/Mines Mutant | -9/Materials Scavenger-Mutant | -9/Mines Scavenger-Mutant | -9/Exiles Resources | -11 -10 -10 -9 -9 -9 ----------- Run | Jun Mat Min Mat Min Exi Matter Collected 1083 | 200 213 157 162 45 306 Remotely . | . . . . . . Salvage Created 1730 | . 533 218 814 75 90 Parts 112 | . 39 21 48 4 . Haulers Intercepted 7 | . 2 . 5 . . Recyclers Shooed 1 | . 1 . . . . Parts Field Recycled . | . . . . . . Retrieved Matter . | . . . . . . Parts Self-Destructed . | . . . . . . Prevented . | . . . . . . Kills | -11 -10 -10 -9 -9 -9 ------- Run | Jun Mat Min Mat Min Exi Combat Hostiles Destroyed 40 | . 14 9 9 2 6 Guns 26 | . 14 4 2 . 6 Cannons 11 | . . 2 7 2 . AOE 3 | . . 3 . . . Classes Destroyed 12 | . 5 . 5 1 1 Worker 4 | . 1 2 1 . . Builder 4 | . . . 4 . . Tunneler 2 | . . . 1 1 . Hauler 7 | . 2 . 5 . . Recycler 2 | . . . 2 . . Operator 3 | . 1 . 2 . . Swarmer 13 | . 6 6 . 1 . Grunt 18 | . 8 3 7 . . Brawler 1 | . . . 1 . . Duelist 1 | . . . 1 . . Sentry 1 | . . . . 1 . Assembled 6 | . . . . . 6 Best Kill Streak 8 | . 5 4 8 1 5 Combat Bots Only 5 | . 5 3 3 1 5 Max Kills in Single Turn 2 | . 2 2 2 1 1 Gunslinging 1 | . 1 . . . . Exploded 2 | . . 2 . . . Melee . | . . . . . . Uniques/NPCs Destroyed . | . . . . . . Combat | -11 -10 -10 -9 -9 -9 -------- Run | Jun Mat Min Mat Min Exi Damage Taken 3200 | . 476 390 356 29 1949 Core 512 | . 49 29 59 . 375 Absorbed by Shields . | . . . . . . Core Remaining (%) 84 | 100 . 68 . . . Volleys Fired 190 | . 65 27 36 5 57 Largest 2 | . 2 2 2 2 2 Hottest 143 | . 40 75 143 98 98 Shots Fired 325 | . 130 32 49 10 104 Gun 247 | . 130 14 4 5 94 Cannon 68 | . . 13 40 5 10 Launcher 10 | . . 5 5 . . Special . | . . . . . . Kinetic 247 | . 130 14 4 5 94 Thermal 68 | . . 13 40 5 10 Explosive 10 | . . 5 5 . . Electromagnetic . | . . . . . . Robot Hit Streak 21 | . 13 12 8 3 21 Robot Miss Streak 4 | . 3 4 2 2 2 Penetration Max . | . . . . . . Secondary Targets 5 | . 2 1 . . 2 Max Gunslinging Chain 1 | . 1 1 . . 1 Shots Hit Robots 215 | . 79 18 34 4 80 Core Hits 96 | . 35 15 23 2 21 Critical Kills 2 | . 2 . . . . Critical Parts Destroyed 2 | . . . . . 2 Critical Strikes 4 | . 2 . . . 2 Destroy 4 | . 2 . . . 2 Melee Attacks . | . . . . . . Impact . | . . . . . . Slashing . | . . . . . . Piercing . | . . . . . . Sneak Attacks . | . . . . . . Combat Hostiles . | . . . . . . Follow-up Attacks . | . . . . . . Damage Inflicted 3828 | . 683 608 1196 106 1235 Guns 1907 | . 658 79 52 33 1085 Cannons 1232 | . . 300 732 50 150 Explosions 552 | . . 211 341 . . Melee . | . . . . . . Ramming 137 | . 25 18 71 23 . Kinetic 1907 | . 658 79 52 33 1085 Thermal 1232 | . . 300 732 50 150 Explosive 552 | . . 211 341 . . Electromagnetic . | . . . . . . Impact . | . . . . . . Slashing . | . . . . . . Piercing . | . . . . . . Highest Corruption . | . . . . . . Average Corruption . | . . . . . . Corruption Purged . | . . . . . . Corruption Blocked . | . . . . . . Overload Shots . | . . . . . . Overflow Damage 27 | . . . 27 . . Projectiles . | . . . . . . Explosions 27 | . . . 27 . . Melee . | . . . . . . Knockbacks 3 | . 1 . . 2 . Impact 3 | . 1 . . 2 . Kinetic . | . . . . . . Secondary . | . . . . . . Self-Inflicted Damage 48 | . . . 48 . . Shots 1 | . . . 1 . . Rammed 24 | . 8 4 9 2 1 Targets Rammed 31 | . 9 5 13 3 1 Kicked . | . . . . . . Crushed 7 | . 1 1 4 1 . Highest Temperature 226 | . 24 172 226 . 53 Average Temperature 57 | . 9 76 73 . 30 Received Heat Transfer 589 | . 216 141 132 . 100 Effects 1 | . . . 1 . . Energy Bleed 1 | . . . 1 . . Siege Activations . | . . . . . . Robots Corrupted . | . . . . . . Combat Hostiles . | . . . . . . Parts Fried . | . . . . . . Impact Corruptions . | . . . . . . Robots Melted . | . . . . . . Combat Hostiles . | . . . . . . Parts Melted 1 | . . . 1 . . Heat Transferred 1682 | . . 444 1110 74 54 Parts Sabotaged . | . . . . . . Parts Stolen . | . . . . . . Parts Stripped . | . . . . . . Power Chain Reactions . | . . . . . . Missiles Intercepted . | . . . . . . Alert | -11 -10 -10 -9 -9 -9 ------- Run | Jun Mat Min Mat Min Exi Peak Influence 306 | . 264 184 306 254 . Initial 93 | . . 93 7 90 . Average 119 | . 155 103 87 166 . Maximum Alert Level 1 | . 1 . 1 1 . Low Security (%) 80 | . 64 100 81 66 . Level 1 19 | . 35 . 18 33 . Level 2 . | . . . . . . Level 3 . | . . . . . . Level 4 . | . . . . . . Level 5 . | . . . . . . High Security . | . . . . . . Max Security . | . . . . . . Squads Dispatched 6 | . 3 1 2 . . Investigation 2 | . 1 1 . . . Extermination . | . . . . . . Reinforcement 4 | . 2 . 2 . . Assault . | . . . . . . Garrison . | . . . . . . Intercept . | . . . . . . Searches Triggered . | . . . . . . Construction Impeded . | . . . . . . Haulers Reinforced . | . . . . . . Active Scanning Responses . | . . . . . . Cargo Convoy Interrupts . | . . . . . . Stealth | -11 -10 -10 -9 -9 -9 --------- Run | Jun Mat Min Mat Min Exi Distress Signals 6 | . 3 . 3 . . Communications Jammed . | . . . . . . Distress Signals . | . . . . . . Times Spotted 66 | . 21 11 18 8 8 Peak Tracking Total 9 | . 4 3 3 3 9 Tactical Retreats 2 | . . 1 . 1 . Traps | -11 -10 -10 -9 -9 -9 ------- Run | Jun Mat Min Mat Min Exi Traps Triggered 2 | . 2 . . . . Indirectly . | . . . . . . Trap Hack Attempts . | . . . . . . Triggered . | . . . . . . Disarmed . | . . . . . . Reprogrammed . | . . . . . . Reused . | . . . . . . Traps Extracted . | . . . . . . Installed . | . . . . . . Triggered 1 | . . . . 1 . Machines | -11 -10 -10 -9 -9 -9 ---------- Run | Jun Mat Min Mat Min Exi Machines Disabled 2 | . . . 1 . 1 Max in Single Turn 1 | . . . 1 . 1 Machines Repaired . | . . . . . . Machines Sabotaged . | . . . . . . Overloaded Fab Kills . | . . . . . . Hacking | -11 -10 -10 -9 -9 -9 --------- Run | Jun Mat Min Mat Min Exi Machines Accessed 8 | . 4 1 3 . . Terminals 6 | . 3 . 3 . . Fabricators . | . . . . . . Repair Stations . | . . . . . . Recycling Units 1 | . 1 . . . . Scanalyzers . | . . . . . . Garrison Access . | . . . . . . Total Hacks 17 | . 10 1 6 . . Successful 11 | . 6 1 4 . . Failed 6 | . 4 . 2 . . Catastrophic 1 | . 1 . . . . Database Lockouts . | . . . . . . Manual 12 | . 7 . 5 . . Terminals 13 | . 7 . 6 . . Fabricators . | . . . . . . Repair Stations . | . . . . . . Recycling Units 3 | . 3 . . . . Scanalyzers . | . . . . . . Garrison Access . | . . . . . . Terminal Hacks 6 | . 3 1 2 . . Part Schematic 1 | . 1 . . . . Robot Schematic 1 | . 1 . . . . Open Door 1 | . . 1 . . . Branch Access Points 2 | . 1 . 1 . . Hauler Manifests 1 | . . . 1 . . Fabricator Hacks . | . . . . . . Repair Station Hacks . | . . . . . . Recycling Unit Hacks 2 | . 2 . . . . Report Inventory 1 | . 1 . . . . Retrieve Components 1 | . 1 . . . . Scanalyzer . | . . . . . . Garrison Access Hacks . | . . . . . . Unauthorized Hacks 3 | . 1 . 2 . . Terminals 3 | . 1 . 2 . . Botnet 3 | . 1 . 2 . . Fabricators . | . . . . . . Repair Stations . | . . . . . . Recycling Units . | . . . . . . Scanalyzers . | . . . . . . Garrison Access . | . . . . . . Data Cores Recovered . | . . . . . . Used . | . . . . . . Hacking Detections 5 | . 4 . 1 . . Full Trace Events 2 | . 1 . 1 . . Feedback Events . | . . . . . . Feedback Blocked . | . . . . . . Robot Schematics Acquired 1 | . 1 . . . . Robots Built . | . . . . . . Authchips . | . . . . . . Time . | . . . . . . Total Robot Build Rating . | . . . . . . Part Schematics Acquired 1 | . 1 . . . . Parts Built . | . . . . . . Authchips . | . . . . . . Time . | . . . . . . Total Part Build Rating . | . . . . . . Parts Repaired . | . . . . . . Time . | . . . . . . Parts Recycled . | . . . . . . Recycled Matter . | . . . . . . Retrieved Matter . | . . . . . . Retrieved Components 3 | . 3 . . . . Parts Scanalyzed . | . . . . . . Part Schematics Acquired . | . . . . . . Parts Damaged . | . . . . . . Bothacking | -11 -10 -10 -9 -9 -9 ------------ Run | Jun Mat Min Mat Min Exi Used RIF Installer . | . . . . . . Robots Hacked . | . . . . . . Non-combat . | . . . . . . Combat . | . . . . . . Robot Hacks Applied . | . . . . . . Relay Couplers Released . | . . . . . . Fabnet Peak Effective % . | . . . . . . Robots Rewired . | . . . . . . Allies Hacked . | . . . . . . Hacks Repelled . | . . . . . . Allies | -11 -10 -10 -9 -9 -9 -------- Run | Jun Mat Min Mat Min Exi Total Allies 1 | . . . . 1 . Largest Group 1 | . . . . 1 . Highest-Rated Group 31 | . . . . 31 . Highest-Rated Ally 31 | . . . . 31 . Total Orders . | . . . . . . Ally Attacks 8 | . . . . 8 . Total Damage 123 | . . . . 123 . Kills 3 | . . . . 3 . Allies Corrupted . | . . . . . . Allies Melted . | . . . . . . Intel | -11 -10 -10 -9 -9 -9 ------- Run | Jun Mat Min Mat Min Exi Robot Analysis Total . | . . . . . . Derelict Logs Recovered 2 | . . 2 . . . Drone Launches . | . . . . . . Drone Recoveries . | . . . . . . Exploration | -11 -10 -10 -9 -9 -9 ------------- Run | Jun Mat Min Mat Min Exi Turns Passed 3636 | . 734 882 937 392 691 Spaces Moved 1692 | 1 317 368 455 229 322 Core 84 | . . . . . 84 Treads 1588 | . 298 368 455 229 238 Legs 20 | 1 19 . . . . Wheels . | . . . . . . Hover . | . . . . . . Flight . | . . . . . . Fastest Speed 50 | 120 120 160 160 160 50 Average Speed 168 | 120 157 211 172 160 132 Slowest Speed 240 | 120 160 240 240 160 240 Overloaded Moves . | . . . . . . Propulsion Burnouts . | . . . . . . Robots Hopped . | . . . . . . Cave-ins Triggered . | . . . . . . Exploration Rate (%) 46 | 2 54 80 46 48 49 Regions Visited 5 Branch Regions 3 Pre-discovered Areas . | . . . . . . Known Exits Taken 2 | . 1 . 1 . . Unknown Exits Taken 3 | 1 . 1 . 1 . Scrap Searched 2 | . . 1 . 1 . Spaces Dug 29 | . . 29 . . . Terrain Destroyed 128 | . . 59 64 3 2 Melee . | . . . . . . Projectile 14 | . . 1 8 3 2 AOE 114 | . . 58 56 . . Terrain Rammed . | . . . . . . Walls Destroyed . | . . . . . . Machines Disabled . | . . . . . . Actions | -11 -10 -10 -9 -9 -9 --------- Run | Jun Mat Min Mat Min Exi Total 2140 | . 445 439 550 247 459 Wait 113 | . 25 18 23 1 46 Move 1687 | . 316 367 454 228 322 Hop . | . . . . . . Pick Up 28 | . 9 5 6 2 6 Fast Attach 16 | . 4 3 8 . 1 Attach 12 | . 2 1 1 . 8 Detach . | . . . . . . Swap 19 | . 4 6 3 3 3 Drop 44 | . 11 7 6 5 15 Fire 190 | . 65 27 36 5 57 Melee . | . . . . . . Ram 1 | . . . . . 1 Kick . | . . . . . . Crush 30 | . 9 5 13 3 . Escape Stasis . | . . . . . . Rewire . | . . . . . . Trap . | . . . . . . Miscellaneous . | . . . . . . Route ------- -11/Junkyard -10/Materials (discovered 4 exits: *Mat x2 / *Min x2) -10/Mines -9/Materials (discovered 5 exits: *Mat x3 / *Min x2) -9/Mines (discovered 2 exits: *Mat / [*Exi]) -9/Exiles History --------- Turn | Location | Event 1 | -11/Junkyard | Discovered new exit (range 0) 1 | -11/Junkyard | Entered Materials 212 | -10/Materials | Discovered new exit (range 5) 258 | -10/Materials | Identified exit to Mines 311 | -10/Materials | Build established: Mutant 440 | -10/Materials | Discovered new exit (range 15) 735 | -10/Materials | Entered Mines 787 | -10/Mines | Met a Derelict shopkeep closing up shop 876 | -10/Mines | Found a damaged Exp. Sensor Array with a note attached 880 | -10/Mines | Found Prototype Device 893 | -10/Mines | Learned 2 Materials zone layouts 1073 | -10/Mines | Learned 4 Materials zone layouts 1224 | -10/Mines | Received a Rocket Launcher from a helpful Derelict 1590 | -10/Mines | Discovered new exit (range 13) 1617 | -10/Mines | Entered Materials 1617 | -9/Materials | Evolved 2 slots: Propulsion x1, Utility x1 1618 | -9/Materials | Identified exit to Materials 1618 | -9/Materials | Identified exit to Mines 1901 | -9/Materials | Discovered exit to Mines (range 15) 2117 | -9/Materials | Discovered exit to Materials (range 16) 2395 | -9/Materials | Discovered exit to Materials (range 5) 2554 | -9/Materials | Entered Mines 2557 | -9/Mines | Met a Derelict bent on vengeance 2557 | -9/Mines | Received a Mining Laser from a helpful Derelict 2591 | -9/Mines | Joined a pair of Derelicts in attacking an 0b10 outpost 2843 | -9/Mines | Discovered exit to Materials (range 8) 2904 | -9/Mines | Build established: Scavenger-Mutant 2927 | -9/Mines | Assembled infested the area 2931 | -9/Mines | A weapon hastily lodged in a ceiling crevice suddenly fell to the ground 2932 | -9/Mines | Assisted by a Guerilla fighting off Assembled 2938 | -9/Mines | Deemed a non-threat by the Exiles lab entrance 2939 | -9/Mines | Discovered new exit (range 5) 2946 | -9/Mines | Entered Exiles 2986 | -9/Exiles | Met 8R-AWN 3015 | -9/Exiles | Met EX-HEX 3261 | -9/Exiles | Met EX-BIN 3278 | -9/Exiles | Aligned with FarCom system 3280 | -9/Exiles | Given EX-Vault access code 3311 | -9/Exiles | Attacked by the Exiles 3448 | -9/Exiles | Lost 6 parts (1p3n2w) 3471 | -9/Exiles | Core integrity fell below 50% 3556 | -9/Exiles | Lost 7 parts (1n3u3w) 3601 | -9/Exiles | Core integrity fell below 20% 3637 | -9/Exiles | Destroyed by DAS Turret with DAS Cannon Last Messages --------------- 03591_ Lgt. Treads destroyed. 03591_ HV Slug penetrates Earth. 03592_ Slammed into 8R-AWN. 03596_ Penetrated by HV Slug. 03596_ HV Slug penetrates Wall. 03596_ Penetrated by HV Slug. 03596_ HV Slug penetrates Wall. 03600_ Penetrated by HV Slug. 03600_ HV Slug penetrates Wall. 03600_ Penetrated by HV Slug. 03600_ HV Slug penetrates Wall. 03602_ Wall collapses. 03604_ Penetrated by HV Slug. 03604_ HV Slug penetrates Components. 03604_ HV Slug penetrates Wall. 03608_ Penetrated by HV Slug. 03613_ HV Slug penetrates Components. 03613_ HV Slug penetrates Wall. 03613_ Penetrated by HV Slug. 03626_ Dropped Humpback. Map ----- +----------------------------------------------------+ | ??????????????????????????#" "" #??????? | | ??????????????????????????#" "" """"""#??????? | | ?????????????????????????##" ###########??????? | | ????????????????????????##"" #????????????????? | | ???????????????????######"" #????????????????? | | ??????????????????##""""""" ##???????????????? | | ?????????????????""""" " "" ##???###########? | | ????????????????"" """ "= #####"""""""""## | | ????????????? " " === " """ """"# | | ??????????? ! "" " | | ??????????? " """ | | ??????????? " " | | ???????????? " " | | ???????????? * " | | ????????????? """""" ** | | ????????????? ######""" | | ????????????? ""#?????#####""" | | ????????????? """#??????????##""" | | ???????????? """#????????????#"""" | | ???????????? ??????????????##"" | | ???????????? #??#####??####"""" | | ??????????? ##aaa####""" | | ??????????? """" | | ?????????? | | ?????????? | | ?????????? @ " | | ?????????? " "" """ | | ?????????? ""##g ##""" " ""#" | | ??????????? ""#### #####"""" """##""""" | | ??????????? """"#???# #??# ###""""######## | | ???????????? """???## ###"#???#####??????? | | ???????????? "?????#! "!#???????????????? | | ???????????? ? ????????#" !!#???????????????? | | ??????????????? ??????????#"!! "#???????????????? | | ??????????????????????????#! "" "#???????????????? | | ??????????????????????????########???????????????? | | ?????????????????????????????????????????????????? | | ?????????????????????????????????????????????????? | | ?????????????????????????????????????????????????? | | ?????????????????????????????????????????????????? | | ?????????????????????????????????????????????????? | | ?????????????????????????????????????????????????? | | ?????????????????????????????????????????????????? | | ?????????????????????????????????????????????????? | | ?????????????????????????????????????????????????? | | ?????????????????????????????????????????????????? | | ?????????????????????????????????????????????????? | | ?????????????????????????????????????????????????? | | ?????????????????????????????????????????????????? | | ?????????????????????????????????????????????????? | +----------------------------------------------------+ Best States ------------- Heat Dissipation 42 Energy Generation 12 Energy Capacity 265 Matter Stores 300 Matter Capacity 300 Sight Range 16 Terrain Scan Density 10 Armor Coverage 150 Propulsion Shielding 33 Evasion (%) 55 Targeting Accuracy 14 Recoil Reduction 3 Item Schematics ----------------- Huge Storage Unit | -10/Materials | Hacked Robot Schematics ------------------ M-13 Machinist | -10/Materials | Hacked Fabricated ------------ Nothing Alien Tech Used ----------------- None Achievements -------------- None Challenges ------------ None Game ------ Seed RegenerativeReinforcedAirjet Manual? 0 Play Time 00:26:40 Cumulative 380.3 hours Start 2023.04.04 @ 15:41:14 End 2023.04.04 @ 16:08:34 Sessions 1 Manual Loads 0 Difficulty Rogue Special Mode None Game No. 419 Rogue 419 Adventurer 0 Explorer 0 Win Type - Total 12 Types 8/0/3/1/0/0/0/0/0 Lore% 81 Gallery% 89 Achievement% 79 Wizard Run 0 Options --------- ASCII 0 Keyboard 0 Movement Numpad Keybinds 0 Fullscreen 1 Font 18/Terminus Map View 76x50 Tactical HUD 1 Map Filters NONE Filters NONE Steam 1 RUN: b457f868-1b0f-4f23-8f99-8e187f75e123